 Dungeon Crawl Stone Soup version 0.32-a0-306-gfed3edf (webtiles) character file.

Game seed: 431857453330342227

1465 arrowsters the Basher (level 8, -1/138 HPs)
             Began as an Oni Monk on Feb 14, 2024.
             Was a Priest of Beogh.
             Succumbed to Wardok's poison
             ... on level 6 of the Dungeon.
             The game lasted 00:08:54 (5444 turns).

arrowsters the Basher (Oni Monk)                    Turns: 5444, Time: 00:08:54

Health: -1/138     AC:  3    Str: 18    XL:     8   Next: 77%
Magic:  4/8        EV: 10    Int: 17    God:    Beogh [***...]
Gold:   124        SH:  0    Dex: 11    Spells: 7/7 levels left

rFire   . . .        m - +0 flail
rCold   . . .        d - orb {light}
rNeg    . . .        b - +0 robe
rPois   .            (helmet restricted)
rElec   .            (no cloak)
rCorr   .            (gloves unavailable)
SInv    .            (boots unavailable)
Will    +....        n - amulet of guardian spirit Stlth
                     p - +6 ring of intelligence
HPRegen 0.43/turn    (no ring)
MPRegen 0.11/turn

%: guardian spirit
@: berserking, lethally poisoned (-1 -> -15), enlightened, flying, glowing, very
quick
A: large, unfitting armour, horns 1, tough skin 1, double potion healing,
drunken brawling
a: Renounce Religion, Smiting, Recall Apostles, Recruit Wardok, Dismiss Morun,
warrior


You were on level 6 of the Dungeon.
You worshipped Beogh.
Beogh was most pleased with you.
You visited 1 branch of the dungeon, and saw 6 of its levels.

You collected 299 gold pieces.
You spent 175 gold pieces at shops.

Inventory:

Hand Weapons
 m - a +0 flail (weapon)
Missiles
 g - 3 javelins (quivered)
Armour
 b - a +0 robe (worn)
 d - an orb of light (worn)
Jewellery
 n - an amulet of guardian spirit (around neck)
 p - a +6 ring of intelligence (left hand)
Wands
 z - a wand of paralysis (8)
Scrolls
 a - 2 scrolls of fog {!r}
 e - a scroll of poison {unknown}
 f - 6 scrolls of revelation {!r}
 i - 2 scrolls of fear {unknown}
 j - a scroll of blinking {unknown}
 l - 2 scrolls of vulnerability {unknown}
 o - a scroll of silence {unknown}
 s - 5 scrolls of teleportation {unknown}
 w - a scroll of noise {unknown}
 y - a scroll of amnesia {unknown}
Potions
 k - a potion of resistance {!q}
 t - a potion of degeneration
 u - 2 potions of haste {!q}
 v - a potion of cancellation {!q}
 x - a potion of mutation


   Skills:
 + Level 9.0 Fighting
 * Level 9.2 Maces & Flails
 - Level 2.6 Dodging


You had 7 spell levels left.
You didn't know any spells.
Your spell library was empty.

Dungeon Overview and Level Annotations

Branches:
Dungeon (6/15)             Temple (0/1) D:5

Altars:
Cheibriados
Elyvilon
Gozag
Uskayaw
Xom

Shops:
D:6 ?

Annotations:
D:6 1 runed translucent door, Crazy Yiuf


Innate Abilities, Weirdness & Mutations

Your facial features look somewhat orcish.
You are too large for most types of armour.
You have a pair of small horns on your head.
You have tough skin. (AC +1)
You gain doubled healing and magic from potions.
Whenever you drink a healing potion, you attack all around you.


Message History

You feel extremely sick.
Morun hits Wardok with a +2 heavy great mace.
Taken [9] Damage!
You left [15]HP Unknown command.
Unknown command.
Wardok fails to defend themself.
You sock Wardok! You headbutt Wardok, but do no damage.
Wardok is severely wounded.
* * * LOW HITPOINT WARNING * * *
You feel extremely sick.
Morun hits Wardok with a +2 heavy great mace!
Taken [7] Damage!
You left [8]HP Unknown command.
Unknown command.
Unknown command.
It was a potion of enlightenment.
You feel very buoyant.
You fly up into the air.
* * * LOW HITPOINT WARNING * * *
You feel very sick.
Taken [4] Damage!
You left [4]HP Unknown command.
A red film seems to cover your vision as you go berserk!
You feel yourself moving faster!
You feel mighty!
* * * LOW HITPOINT WARNING * * *
You feel very sick.
Morun hits Wardok with a +2 heavy great mace!!
Wardok falls to their knees and submits.
Wardok is no longer paralysed.
Beogh will allow you to induct Wardok into your service.
Taken [3] Damage!
You left [1]HP Unknown command.
Unknown command.
Unknown command.
You are too berserk!
Okay, then.
Calm down first, please.
Unknown command.
You feel a strong urge to attack something.
You die...

.... ..........#..≈≈≈.. ....
..........#.§≈≈≈≈. ....
#######+#.....#.≈§§≈§. ....
........#.....#.§≈≈§§. ....
#......#.....#..≈≈§.. ####
###......#.....#≈..∩..§ #
#........#.....######## #
#.###....#........#.... #
#.#?#.@o.'...(....#.... #
#.###...o#..(.....#.... #
#.........#........#....
##########.##....).#........#'###
...........##......##+#####......
...........#........#.....#......
...........#........#.....#......
...........#........#.....'......
...........#.......########......


You could see the neutral Wardok the orc apostle (wandering, ally target) and
the friendly Morun the orc apostle (very poisoned).

Vanquished Creatures
  Duvessa (D:6)
  An ice beast (D:6)
  A black bear (D:4)
  A centaur (D:4)
  A kobold brigand (D:6)
  A bullfrog (D:4)
  3 scorpions
  2 bombardier beetles
  3 iguanas (D:5)
  2 sleepcaps (D:5)
  4 gnolls (D:4)
  11 adders
  4 ufetubi
  4 dart slugs
  3 ribbon worms
  3 orcs
  6 ball pythons
  2 bats
  6 endoplasms
  5 giant cockroaches
  4 goblins
  6 hobgoblins
  12 jackals
  8 quokkas
  4 frilled lizards
  10 kobolds
  6 rats
114 creatures vanquished.

Vanquished Creatures (collateral kills)
  Blork the orc (D:6)
  Dowan (D:6)
  A howler monkey (D:6)
  A bombardier beetle (D:6)
  A jelly (D:6)
  An orc priest (D:6)
  2 adders (D:6)
  2 orcs (D:6)
  3 kobolds (D:6)
13 creatures vanquished.

Vanquished Creatures (others)
  An orc (D:6)
1 creature vanquished.

Grand Total: 128 creatures vanquished

Notes
Turn   | Place    | Note
-------+----------+-------------------------------------------
     0 | D:1      | arrowsters the Oni Monk began the quest for the Orb.
     0 | D:1      | Reached XP level 1. HP: 24/24 MP: 1/1
    91 | D:1      | Reached XP level 2. HP: 27/32 MP: 2/2
   175 | D:1      | Reached XP level 3. HP: 25/40 MP: 3/3
   491 | D:1      | Reached XP level 4. HP: 49/49 MP: 4/4
   931 | D:2      | Reached skill level 5 in Fighting
  1592 | D:3      | Reached XP level 5. HP: 53/57 MP: 5/5
  1727 | D:3      | Became a worshipper of Beogh the Shepherd
  1727 | D:3      | Reached * piety under Beogh
  1727 | D:3      | Reached ** piety under Beogh
  1731 | D:3      | Found a hide-covered altar of Uskayaw.
  1795 | D:3      | Reached skill level 5 in Maces & Flails
  2685 | D:4      | Noticed a black bear
  2695 | D:4      | Killed a black bear
  2696 | D:4      | Reached XP level 6. HP: 39/67 MP: 3/6
  2756 | D:4      | Reached XP level 7. HP: 25/76 MP: 4/7
  2973 | D:4      | Found a snail-covered altar of Cheibriados.
  2976 | D:4      | Found a shimmering altar of Xom.
  2980 | D:4      | Found a white marble altar of Elyvilon.
  3484 | D:5      | Entered Level 5 of the Dungeon
  3560 | D:5      | Found an opulent altar of Gozag.
  3591 | D:5      | Found a staircase to the Ecumenical Temple.
  4334 | D:5      | Reached XP level 8. HP: 88/88 MP: 8/8
  4430 | D:5      | Reached *** piety under Beogh
  4475 | D:5      | Noticed Morun
  4507 | D:5      | Anointed Morun the warrior as your apostle
  4691 | D:6      | Noticed Blork the orc
  4700 | D:6      | Killed Blork the orc
  5078 | D:6      | Noticed Duvessa
  5079 | D:6      | Noticed Dowan
  5083 | D:6      | Killed Duvessa
  5088 | D:6      | Killed Dowan
  5159 | D:6      | Found a runed translucent door.
  5160 | D:6      | Noticed Crazy Yiuf
  5367 | D:6      | Found Xuraxzir's Magic Scroll Boutique.
  5376 | D:6      | Bought a scroll of identify for 26 gold pieces
  5376 | D:6      | Bought a scroll of fog for 52 gold pieces
  5376 | D:6      | Bought a scroll of revelation for 97 gold pieces
  5431 | D:6      | Noticed Wardok
  5442 | D:6      | HP: 4/92 [poisoned by Wardok]
  5443 | D:6      | HP: 1/138 [poisoned by Wardok]
  5444 | D:6      | Succumbed to Wardok's poison

Illustrated notes

Levels and vault maps discovered:
D:1:      ebering_trefoil_twist, layout_rooms, minmay_ruptured
D:2:      layout_basic, item_on_display_a
D:3:      layout_loops_ring, nicolae_uskayaw_murder_on_the_dancefloor,
          serial_glass, glass_columns_a, glass_columns_c, glass_columns_a,
          chequers_big_river, st_stairs_1
D:4:      layout_loops_ring, grunt_temple_overflow_diamond
D:5:      layout_basic, lemuel_crystal_altar,
          minmay_temple_entry_enclosed_plants
D:6:      layout_gridville, serial_shops, nicolae_lakefront_shop, serial_glass,
          glass_columns_a, glass_columns_b, glass_columns_b, glass_columns_b,
          glass_columns_b, due_unseen_surprise, feat_on_display,
          item_on_display_a, dreamdust_princess_bridge,
          kennysheep_generic_room_15, uniq_crazy_yiuf_cottage, uniq_duvessa,
          uniq_blork_the_orc

Skill      XL: |  1  2  3  4  5  6  7  8 |
---------------+-------------------------+-----
Maces & Flails | 4 5 6 7 9 |  9.2
Fighting       | 5 6 7 9 |  9.0
Dodging        | |  2.6

Action                     |  1- 3 |  4- 6 |  7- 9 || total
---------------------------+-------+-------+-------++-------
  Melee: Mace              |    54 |    15 |       ||    69
         Headbutt          |    10 |    26 |    35 ||    71
         Flail             |       |   129 |   129 ||   258
  Throw: Javelin           |       |     1 |     2 ||     3
 Invoke: Convert to Beogh  |       |     1 |       ||     1
         Recruit Apostle   |       |       |     1 ||     1
  Evoke: Wand              |       |       |     9 ||     9
    Use: Potion            |       |     1 |     5 ||     6
         Scroll            |       |       |     6 ||     6
   Stab: Paralysed         |       |       |    22 ||    22
 Armour: Robe              |    38 |   114 |   104 ||   256
  Dodge: Dodged            |    40 |    84 |    71 ||   195

Table legend: (Time is in decaauts)
 A = Elapsed time spent in this place.
 B = Non-inter-level travel time spent in this place.
 C = Inter-level travel time spent in this place.
 D = Time resting spent in this place.
 E = Time spent auto-exploring this place.
 F = Levels seen in this place.
 G = Mean time per level.
                   A        B        C        D        E       F      G
               +--------+--------+--------+--------+--------+-----+--------+
         Total |   5477 |   5348 |    129 |      9 |   4424 |   6 |  912.8 |
       Dungeon |   5477 |   5348 |    129 |      9 |   4424 |   6 |  912.8 |
               +--------+--------+--------+--------+--------+-----+--------+

Top non-repeatable levels by time:
     D:5: 1209 daAuts
     D:4: 1135 daAuts
     D:3: 878 daAuts
     D:2: 792 daAuts
     D:6: 752 daAuts
     D:1: 709 daAuts
